 Dungeon Crawl Stone Soup version 0.20-a0-949-g916514f (webtiles) character file.

134938 Orgrimm the Brawler (level 17, -2/146 HPs)
             Began as a Ghoul Gladiator on Apr 4, 2017.
             Was the Champion of Makhleb.
             Killed from afar by Frances (47 damage)
             ... with an iron shot
             ... on level 2 of the Swamp.
             The game lasted 01:34:39 (25804 turns).

Orgrimm the Brawler (Ghoul Gladiator)              Turns: 25804, Time: 01:34:40

Health: -2/146     AC: 25    Str: 31    XL:     17   Next: 18%
Magic:  24/24      EV:  9    Int:  1    God:    Makhleb [******]
Gold:   566        SH:  6    Dex: 10    Spells: 14/16 levels left

rFire    + . .     SeeInvis .     - Unarmed
rCold    + + +     Gourm    .   J - +2 buckler {AC+3}
rNeg     + + +     Faith    .   l - +2 plate armour {rC+}
rPois    ∞         Spirit   .   s - +1 helmet
rElec    .         Reflect  .   B - scarf {rC+ rF+}
rCorr    .         Harm     .   (no gloves)
MR       ++...                  V - +0 pair of boots
Stlth    ..........             y - amulet of regeneration
Regen    0.0/turn               Q - ring of protection from magic
MPRegen  0.2/turn               R - ring "Badymuas" {+Fly Str+8 Int-4 Slay+3 Stlth+}

@: rotting
A: rotting body, claws 1, carnivore 3, cold resistance 1, negative energy
resistance 3, inhibited regeneration, torment resistance, unbreathing
a: Minor Destruction, Lesser Servant of Makhleb, Major Destruction, Greater
Servant of Makhleb, Renounce Religion, Evoke Flight


You were on level 2 of the Swamp.
You worshipped Makhleb.
Makhleb was exalted by your worship.
You were not hungry.

You visited 4 branches of the dungeon, and saw 24 of its levels.
You visited 1 bazaar.
You also visited: Labyrinth.

You collected 1964 gold pieces.
You spent 1398 gold pieces at shops.

Inventory:

Hand Weapons
 b - a +1 hunting sling
Missiles
 c - 165 sling bullets
Armour
 l - a +2 plate armour of cold resistance (worn)
 s - a +1 helmet (worn)
 B - a scarf of resistance (worn)
 J - a +2 buckler of protection (worn)
 V - a +0 pair of boots (worn)
Jewellery
 d - an uncursed amulet of rage
 w - a +3 ring of intelligence
 y - an amulet of regeneration (around neck)
 M - an uncursed ring of see invisible
 Q - a ring of protection from magic (left claw)
 R - the ring "Badymuas" (right claw) {+Fly Str+8 Int-4 Slay+3 Stlth+}
   (You found it in a labyrinth)

   [ring of flight]

   It affects your strength (+8).
   It affects your intelligence (-4).
   It affects your accuracy and damage with ranged weapons and melee attacks
   (+3).
   It lets you fly.
   It makes you more stealthy.
Wands
 a - a wand of paralysis (10/24)
 f - a wand of acid (11/15)
 F - a wand of iceblast (8/15)
Scrolls
 e - 18 scrolls of teleportation
 g - a scroll of silence
 i - a scroll of recharging
 n - 2 scrolls of amnesia
 p - 6 scrolls of remove curse
 q - 3 scrolls of blinking
 u - 3 scrolls of fear
 E - a scroll of immolation
 K - 3 scrolls of identify
 W - 7 scrolls of fog
 X - 4 scrolls of magic mapping
 Y - a scroll of torment
 Z - a scroll of vulnerability
Potions
 j - 10 potions of curing
 m - 2 potions of resistance
 z - 5 potions of haste
 D - 2 potions of ambrosia
 H - 5 potions of cancellation
 L - 3 potions of heal wounds
 S - a potion of agility
 U - 5 potions of might
Comestibles
 h - 18 royal jellies
 O - 2 meat rations


   Skills:
 - Level 11.7 Fighting
 - Level 1.7 Throwing
 * Level 13.4 Armour
 - Level 2.6 Dodging
 - Level 4.4 Shields
 - Level 20.0 Unarmed Combat
 - Level 11.4 Invocations


You had 14 spell levels left.
You knew the following spells:

 Your Spells              Type           Power        Failure   Level  Hunger
a - Apportation           Tloc           #.....       100%        1    ##.....
b - Animate Skeleton      Necr           N/A          100%        1    ##.....


Dungeon Overview and Level Annotations

Branches:
Dungeon (15/15)            Temple (0/1) D:7            Lair (6/6) D:10
  Swamp (2/4) Lair:2       Spider (0/4) Lair:4        Slime (0/5) Lair:5
    Orc (0/2) D:11         Vaults (0/5) D:14         Depths (1/5) D:15

Altars:
Ashenzari
Dithmenos
Fedhas
Gozag
Hepliaklqana
Kikubaaqudgha
Makhleb
Okawaru
Qazlal
Ru
Sif Muna
Uskayaw
Yredelemnul
Zin
The Shining One
Jiyva

Shops:
D:11 !   D:12 *(

Annotations:
D:6 duvessa holy wrath
Swamp:2 Frances
Depths:1 !, Mara


Innate Abilities, Weirdness & Mutations

Your body is rotting away.
You thrive on raw meat.
You are immune to poison.
You have sharp fingernails.
You are carnivorous and can eat meat at any time.
Your flesh is cold resistant. (rC+)
You are immune to negative energy. (rN+++)
You do not regenerate when monsters are visible.
You are immune to unholy pain and torment.
You can survive without breathing.


Message History

The fireball engulfs Frances.
Frances is severely wounded.
You hear a chilling moan.
Frances is engulfed in a cloud of scalding steam.
Frances screams a word of power!
The iron shot hits you!
Frances is engulfed in a cloud of scalding steam.
Frances hits you from afar with a halberd of pain.
Frances is engulfed in a cloud of scalding steam.
Frances hits you from afar with a halberd of pain.
Okay, then.
Press: ? - help, Shift-Dir - straight line, f/p - Frances
Aim: Frances, wielding a halberd of pain and wearing a chain mail (severely wounded, fast, lightly drained)
You hear a mighty clap of thunder!
The bolt of lightning hits Frances.
Frances appears unharmed.
Frances is severely wounded.
Frances hits you from afar with a halberd of pain.
Frances whispers indecipherable words.
The iron shot hits you!
You die...

♣♣.≈........♣
♣≈≈§≈≈...≈≈≈♣♣
♣♣.≈≈≈.....≈≈♣
♣♣≈.≈≈≈..≈.≈.♣
♣..≈≈≈≈.♣≈≈≈≈♣♣
♣♣≈≈≈≈≈.♣♣...≈≈♣
♣♣..♣.≈..♣♣♣≈≈≈.♣♣
♣..≈≈≈≈≈.♣ ♣≈..≈.♣
♣♣≈≈.≈§≈≈♣♣ ♣≈§@§♣♣ ...v.
♣♣..≈.§≈≈.♣ ♣.§≈§.♣♣≈≈.≈
≈..♣≈.≈.≈..♣♣♣♣@§≈.♣.≈≈≈
≈≈≈≈≈≈≈♣.≈..♣ ♣.≈≈...≈≈≈♣
...♣..♣≈≈≈≈.♣♣♣≈≈≈..≈≈..≈.
♣♣.≈.♣♣♣≈♣≈≈.♣≈§.≈...♣♣♣≈.
♣♣♣..♣ ♣.≈≈....≈≈≈≈≈.♣
♣≈.♣♣♣≈...≈≈§≈≈≈≈≈♣♣
♣≈≈♣♣.≈.♣(≈≈≈..≈.≈.♣


You could see Frances.

Vanquished Creatures
  An ogre mage (D:14)
  A fire dragon (D:15)
  A minotaur (Lab)
  An ice dragon (D:15)
  5 hydras
  A death knight (D:15)
  A catoblepas (Lair:6)
  13 two-headed ogres
  2 centaur warriors
  2 alligators
  2 deep troll shamans
  8 death yaks
  2 tengu warriors
  Sonja (Lair:4)
  Urug (Lair:2)
  Nergalle (Lair:2)
  A spriggan druid (Swamp:2)
  A deep troll (D:15)
  4 skeletal warriors (D:13)
  2 unseen horrors
  A shambling mangrove (Swamp:1)
  A phantasmal warrior (D:13)
  2 orc knights (D:15)
  3 cyclopes
  15 ugly things
  2 deep elf magi
  2 manticores (D:14)
  3 centaur zombies
  17 elephants
  Maurice (D:13)
  Joseph (D:7)
  A guardian serpent (shapeshifter) (D:14)
  3 black mambas
  11 spiny frogs
  An efreet (D:12)
  A rime drake (Lair:3)
  A kobold demonologist (D:13)
  6 komodo dragons
  A freezing wraith (D:15)
  A queen bee (Lair:2)
  6 trolls
  4 polar bears
  2 bog bodies
  8 hornets
  2 minotaur zombies (Lab)
  A raiju (shapeshifter) (D:14)
  2 slime creatures
  15 blink frogs
  Grinder (D:5)
  Prince Ribbit (Lair:2)
  7 tyrant leeches
  9 hippogriffs
  Sigmund (D:5)
  3 redbacks (Lab)
  4 spriggans
  5 shadows
  A wyvern (Lair:6)
  A golden eye (shapeshifter) (D:15)
  43 yaks
  Grum (D:9)
  A hungry ghost (D:12)
  Menkaure (D:5)
  11 vampire mosquitoes
  14 insubstantial wisps
  Duvessa (D:6)
  12 swamp worms
  12 water moccasins
  An acid dragon (D:11)
  5 swamp drakes (Swamp:1)
  9 orc warriors
  12 porcupines
  3 ice beasts
  4 sky beasts
  A hornet zombie (D:4)
  7 necrophages
  2 black bears
  A phantom (D:4)
  17 centaurs
  11 ogres
  20 wolves
  13 crocodiles
  A big kobold (shapeshifter) (D:15)
  2 big kobolds
  15 bullfrogs
  2 water moccasin zombies (D:7)
  2 wyvern skeletons
  Dowan (D:6)
  32 killer bees
  A spriggan skeleton (Lab)
  13 wights
  15 howler monkeys
  5 electric eels (Lair:2)
  3 crimson imps
  A jelly (D:6)
  6 centaur skeletons
  5 orc priests
  6 hounds
  8 orc wizards
  Crazy Yiuf (D:5)
  4 bullfrog skeletons
  An iguana (D:8)
  12 worker ants
  A worker ant zombie (D:5)
  A howler monkey skeleton (D:9)
  15 adders
  2 shadow imps
  3 oozes
  An adder skeleton (D:5)
  16 worms
  3 dart slugs
  7 leopard geckos
  42 orcs
  3 giant cockroaches
  6 hobgoblins
  12 jackals
  A quokka (D:10)
  4 ball pythons
  6 bats
  5 frilled lizards
  6 goblins
  13 kobolds
  A quokka skeleton (D:7)
  A quokka zombie (D:6)
  10 rats
695 creatures vanquished.

Vanquished Creatures (collateral kills)
  A two-headed ogre (D:9)
  A death yak (shapeshifter) (D:14)
  A troll (D:15)
  A yak (Lair:2)
  A warg (D:15)
  An ogre (D:9)
  A big kobold (D:14)
  An electric eel (Lair:2)
  An orc wizard (D:15)
  A kobold (D:14)
10 creatures vanquished.

Vanquished Creatures (others)
  A killer bee (Lair:2)
  4 fungi
  20 plants
25 creatures vanquished.

Grand Total: 730 creatures vanquished

Notes
Turn   | Place    | Note
-------+----------+-------------------------------------------
     0 | D:1      | Orgrimm the Ghoul Gladiator began the quest for the Orb.
     0 | D:1      | Reached XP level 1. HP: 17/17 MP: 0/0
   417 | D:1      | Reached XP level 2. HP: 23/24 MP: 1/1
   438 | D:1      | Reached skill level 4 in Unarmed Combat
   857 | D:2      | Found a hazy altar of Hepliaklqana.
   936 | D:2      | Reached XP level 3. HP: 26/29 MP: 2/2
  1046 | D:2      | Found a shadowy altar of Dithmenos.
  1070 | D:2      | Found a shattered altar of Ashenzari.
  1198 | D:2      | You fall through a shaft!
  1209 | D:3      | Reached skill level 5 in Unarmed Combat
  1276 | D:3      | Found a glowing silver altar of Zin.
  1280 | D:3      | Found a burning altar of Makhleb.
  1280 | D:3      | Found a basalt altar of Yredelemnul.
  1282 | D:3      | Found an ancient bone altar of Kikubaaqudgha.
  1282 | D:3      | Found a stormy altar of Qazlal.
  1290 | D:3      | Became a worshipper of Makhleb the Destroyer
  1346 | D:3      | Reached XP level 4. HP: 29/36 MP: 3/3
  2278 | D:3      | Reached skill level 6 in Unarmed Combat
  2327 | D:3      | Reached XP level 5. HP: 35/41 MP: 4/4
  2349 | D:3      | Reached * piety under Makhleb
  2537 | D:4      | Noticed a phantom
  2593 | D:4      | Killed a phantom
  2593 | D:4      | Reached skill level 7 in Unarmed Combat
  2593 | D:4      | Reached XP level 6. HP: 18/48 MP: 5/5
  2690 | D:4      | Reached skill level 8 in Unarmed Combat
  3033 | D:4      | Found a sacrificial altar of Ru.
  3037 | D:4      | Got a crude spear
  3038 | D:4      | Identified the +4 spear "Xusar" {drain, rN+ Stlth+} (You found it on level 4 of the Dungeon)
  3184 | D:4      | Reached XP level 7. HP: 53/53 MP: 6/6
  3188 | D:4      | Found an iron altar of Okawaru.
  3330 | D:4      | Found a deep blue altar of Sif Muna.
  3461 | D:5      | Entered Level 5 of the Dungeon
  3598 | D:5      | Reached skill level 9 in Unarmed Combat
  3689 | D:5      | Reached ** piety under Makhleb
  3741 | D:5      | Noticed Grinder
  3759 | D:5      | Killed Grinder
  3807 | D:5      | Reached skill level 10 in Unarmed Combat
  3816 | D:5      | Reached XP level 8. HP: 46/61 MP: 7/7
  4055 | D:5      | Reached skill level 1 in Armour
  4064 | D:5      | Noticed Sigmund
  4079 | D:5      | Killed Sigmund
  4242 | D:5      | Noticed Menkaure
  4247 | D:5      | Killed Menkaure
  4408 | D:5      | Found a runed door.
  5267 | D:6      | Reached skill level 5 in Armour
  5301 | D:6      | Found a blossoming altar of Fedhas.
  5350 | D:6      | Found an opulent altar of Gozag.
  5796 | D:6      | Noticed Duvessa
  5796 | D:6      | Noticed Dowan
  5947 | D:7      | Learned a level 1 spell: Apportation
  5949 | D:7      | Learned a level 1 spell: Animate Skeleton
  6005 | D:7      | Reached XP level 9. HP: 48/68 MP: 8/8
  6128 | D:7      | Found a glowing golden altar of the Shining One.
  6185 | D:7      | Reached *** piety under Makhleb
  6199 | D:7      | Reached skill level 5 in Fighting
  6381 | D:7      | Noticed Joseph
  6404 | D:7      | Killed Joseph
  6960 | D:7      | Reached skill level 5 in Invocations
  7480 | D:7      | Found a staircase to the Ecumenical Temple.
  7609 | D:8      | Noticed a two-headed ogre
  7622 | D:8      | Killed a two-headed ogre
  7622 | D:8      | Reached XP level 10. HP: 64/84 MP: 12/14
  7641 | D:8      | Noticed a two-headed ogre
  7656 | D:8      | Killed a two-headed ogre
  7955 | D:8      | Noticed a two-headed ogre
  7994 | D:8      | Killed a two-headed ogre
  7994 | D:8      | Reached skill level 11 in Unarmed Combat
  8479 | D:8      | Noticed a two-headed ogre
  8488 | D:8      | Killed a two-headed ogre
  8616 | D:9      | Noticed Grum
  8735 | D:9      | Noticed a two-headed ogre
  8757 | D:9      | Found a hide-covered altar of Uskayaw.
  9276 | D:9      | Reached XP level 11. HP: 45/92 MP: 15/15
  9826 | D:6      | Killed Dowan
  9893 | D:6      | Killed Duvessa
 10054 | D:5      | Noticed Crazy Yiuf
 10058 | D:5      | Killed Crazy Yiuf
 10296 | D:9      | Killed a two-headed ogre
 10296 | D:9      | Reached skill level 12 in Unarmed Combat
 10918 | D:9      | Killed Grum
 10977 | D:10     | Entered Level 10 of the Dungeon
 11314 | D:11     | Killed an unseen horror
 11357 | D:11     | Found a labyrinth entrance.
 11402 | D:11     | Found a staircase to the Orcish Mines.
 11404 | Lab      | Entered a labyrinth
 11568 | Lab      | Reached **** piety under Makhleb
 11940 | Lab      | Noticed a minotaur
 11948 | Lab      | Killed a minotaur
 11955 | Lab      | Got a brightly glowing silver ring
 11957 | Lab      | Lost intelligence.
 11957 | Lab      | Identified the ring "Badymuas" {+Fly Str+8 Int-4 Slay+3 Stlth+} (You found it in a labyrinth)
 12025 | Lab      | Reached skill level 13 in Unarmed Combat
 12193 | D:10     | Found a staircase to the Lair.
 12222 | D:10     | Reached XP level 12. HP: 87/104 MP: 17/17
 13051 | D:11     | Reached ***** piety under Makhleb
 13151 | D:11     | Found Sutoxt's Distillery.
 13163 | D:11     | Bought a potion of might for 48 gold pieces
 13163 | D:11     | Bought a potion of haste for 120 gold pieces
 13163 | D:11     | Bought 2 potions of might for 96 gold pieces
 13163 | D:11     | Bought a potion of curing for 36 gold pieces
 13163 | D:11     | Bought a potion of heal wounds for 60 gold pieces
 13163 | D:11     | Bought a potion of might for 48 gold pieces
 13163 | D:11     | Bought 2 potions of might for 96 gold pieces
 13163 | D:11     | Bought a potion of heal wounds for 60 gold pieces
 13468 | Lair:1   | Entered Level 1 of the Lair of Beasts
 13468 | Lair:1   | Noticed a five-headed hydra
 13492 | Lair:1   | Killed a five-headed hydra
 13568 | Lair:1   | Reached skill level 14 in Unarmed Combat
 13838 | Lair:1   | You fall through a shaft!
 13838 | Lair:2   | Noticed Prince Ribbit
 13903 | Lair:2   | Killed Prince Ribbit
 13974 | Lair:2   | Reached skill level 10 in Fighting
 14282 | Lair:2   | Found a staircase to the Swamp.
 14389 | Lair:2   | Reached skill level 15 in Unarmed Combat
 14392 | Lair:2   | Reached XP level 13. HP: 113/113 MP: 19/19
 14548 | Lair:2   | Noticed Urug
 14576 | Lair:2   | Killed Urug
 14609 | Lair:2   | Noticed Nergalle
 14620 | Lair:2   | Killed Nergalle
 15027 | Lair:2   | Reached skill level 10 in Armour
 16325 | Lair:3   | Reached skill level 10 in Invocations
 16626 | Lair:4   | Noticed Sonja
 16680 | Lair:4   | Killed Sonja
 16680 | Lair:4   | Reached skill level 16 in Unarmed Combat
 16699 | Lair:4   | Found a hole to the Spider Nest.
 17117 | Lair:4   | Reached ****** piety under Makhleb
 17614 | Lair:5   | Found a viscous altar of Jiyva.
 17614 | Lair:5   | Found a staircase to the Slime Pits.
 18406 | Lair:6   | Entered Level 6 of the Lair of Beasts
 18478 | Lair:6   | Found an opulent altar of Gozag.
 18596 | Lair:5   | Reached XP level 14. HP: 61/124 MP: 20/20
 19215 | Lair:6   | Reached skill level 17 in Unarmed Combat
 19530 | Lair:6   | HP: 6/122 [death yak (10)]
 20296 | D:12     | Found Nisich's General Store.
 20436 | D:12     | Found Fyxou's Weapon Shoppe.
 20560 | D:12     | Reached skill level 1 in Shields
 21950 | D:13     | Reached XP level 15. HP: 132/132 MP: 22/22
 22122 | D:13     | Noticed Maurice
 22128 | D:13     | Killed Maurice
 22497 | D:13     | Reached skill level 18 in Unarmed Combat
 22991 | D:14     | Noticed a storm dragon
 22999 | D:14     | a storm dragon changed into a death yak
 23098 | D:14     | Found a gate to the Vaults.
 23123 | D:15     | Entered Level 15 of the Dungeon
 23233 | D:15     | Reached skill level 19 in Unarmed Combat
 23436 | D:15     | Found a flickering gateway to a bazaar.
 23459 | Bazaar   | Entered a bazaar
 23459 | Bazaar   | Found Loikh's General Store.
 23459 | Bazaar   | Found Extorr's Book Shoppe.
 23459 | Bazaar   | Found Xacaut's Antique Armour Shoppe.
 23459 | Bazaar   | Found Gaer's Antique Weapon Emporium.
 23459 | Bazaar   | Found Qaur's Assorted Antiques.
 23469 | Bazaar   | Bought a square bone amulet for 125 gold pieces
 23469 | Bazaar   | Bought a scroll labeled XETIBB UVID for 25 gold pieces
 23475 | Bazaar   | Bought a scroll of magic mapping for 38 gold pieces
 23475 | Bazaar   | Bought a scroll of identify for 22 gold pieces
 23489 | Bazaar   | Identified a scroll of acquirement
 23494 | Bazaar   | Bought a glowing plate armour for 624 gold pieces
 23677 | D:15     | Found a staircase to the Depths.
 24171 | Depths:1 | Entered Level 1 of the Depths
 24192 | Depths:1 | Noticed Mara
 24414 | Swamp:1  | Entered Level 1 of the Swamp
 24429 | Swamp:1  | Reached skill level 20 in Unarmed Combat
 24831 | Lair:2   | Reached XP level 16. HP: 139/139 MP: 23/23
 24995 | Swamp:1  | Reached XP level 17. HP: 145/145 MP: 24/24
 25705 | Swamp:2  | Noticed Frances
 25804 | Swamp:2  | Killed from afar by Frances

Vault maps used:
D:1:      scummos_arrival_simple_crosswalls, minmay_liquid_box
D:2:      grunt_dithmenos_smoke, lemuel_crystal_altar, first_bread,
          minmay_stone_trees_medium, evilmike_ruin_ashenzari
D:3:      grunt_temple_overflow_open, minmay_shallow_snake_nest
D:4:      led_sif_pool, nicolae_ru_sacrificial_ziggurat, kennysheep_little_box
D:5:      uniq_grinder, uniq_crazy_yiuf_cottage, uniq_sigmund, uniq_menkaure
D:6:      grunt_gozag_breadcrumbs, fedhas_altar_fruit_tree, uniq_duvessa
D:7:      tso_oasis_becter, minmay_temple_entry_poolview, uniq_joseph
D:8:      the_bakery
D:9:      lemuel_crystal_altar, uniq_grum
D:10:     minmay_lair_entry_grove
D:11:     orc_0_dummy, lab_entry_generic, serial_shops, nicolae_shop_trees
D:12:     serial_shops, shop, shop
D:13:     patterned_corridor, uniq_maurice
D:14:     david_vaults_4, minmay_misc_feat_chi
D:15:     grunt_enter_depths_hoard, minmay_misc_feat_hallway, serial_shops,
          bzr_entry_dummy, st_stairs_11, grunt_ministairs_2, spider_trap
Lair:1:   st_stairs_4
Lair:2:   minmay_swamp_entry_swarm, serial_bayou, serial_bayou_lagoon_b,
          serial_bayou_pond_e, serial_bayou_crossing, serial_bayou_ford_a,
          serial_bayou_pond_a, serial_bayou_shore_b, uniq_prince_ribbit2,
          uniq_nergalle, uniq_urug
Lair:3:   worms_lemuel, grunt_megastairs_3
Lair:4:   spider_nest_entry_web_field, uniq_sonja
Lair:5:   slime_altar_1, serial_bayou_shore_b, grunt_megastairs_4
Lair:6:   grunt_lair_end_beastmaster, basic_altar
Swamp:1:  evilmike_swamp_ruin_house_1, roderic_carrion_pond
Swamp:2:  evilmike_swamp_ruin_house_4, swamp_pool3, cheibrodos_swamp_slimy,
          uniq_frances, uniq_nikola
Depths:1: hell_entry, cheibriados_altar_1, kennysheep_random_hallway, uniq_mara,
          uniq_enchantress, uniq_sojobo
Lab:      labyrinth_hidden_loot, nicolae_lab_big_swirl,
          labyrinth_skeletal_remains, nicolae_lab_grate_2,
          nicolae_lab_flowing_pool, nicolae_lab_arrow,
          nicolae_lab_very_dead_end, nicolae_lab_do_over
Bazaar:   bazaar_minmay_row

Skill      XL: |  1  2  3  4  5  6  7  8  9 10 11 12 13 14 15 16 17 |
---------------+----------------------------------------------------+-----
Unarmed Combat | 4 5 6 7 8 10 11 13 15 16 17 20 | 20.0
Armour         | 6 7 8 9 10 11 12 13 | 13.4
Fighting       | 6 7 9 10 11 | 11.7
Invocations    | 6 7 9 10 11 | 11.4
Shields        | 4 |  4.4
Throwing       | |  1.7
Dodging        | |  2.6

Action                   |  1- 3 |  4- 6 |  7- 9 | 10-12 | 13-15 | 16-18 || total
-------------------------+-------+-------+-------+-------+-------+-------++-------
Melee: Unarmed           |   111 |   119 |   276 |   712 |  1197 |   169 ||  2584
       Punch             |     2 |     3 |     9 |    28 |    39 |       ||    81
 Fire: Hunting sling     |     5 |    38 |    97 |   166 |   325 |    39 ||   670
Throw: Throwing net      |       |       |     7 |     1 |       |       ||     8
Invok: Minor Destruction |       |       |       |    21 |    31 |     1 ||    53
       Lesser Servant of |       |       |       |     5 |     6 |     5 ||    16
       Major Destruction |       |       |       |       |       |     8 ||     8
  Use: Scroll            |       |     9 |     8 |     6 |    19 |     1 ||    43
       Potion            |       |     1 |     4 |     4 |     4 |     1 ||    14
 Stab: Held in net/web   |       |       |     4 |     1 |       |       ||     5
       Distracted        |       |       |       |     2 |       |       ||     2
       Petrified         |       |       |       |       |     1 |       ||     1
  Eat: Chunk             |     3 |    11 |    35 |   100 |   138 |    13 ||   300
Armor: Ring mail         |    35 |    23 |       |       |       |       ||    58
       Chain mail        |       |     2 |   111 |       |       |       ||   113
       Plate armour      |       |       |    26 |   481 |   590 |    63 ||  1160
Dodge: Dodged            |    50 |    52 |    92 |   277 |   348 |    59 ||   878
Block: Buckler           |       |       |       |       |   109 |    47 ||   156
